 Dungeon Crawl Stone Soup version 0.19-a0-1896-g611e798 (webtiles) character file.

259 Infinimo the Conjurer (level 5, -1/28 HPs)
             Began as a Deep Elf Conjurer on Oct 19, 2016.
             Slain by vogonpoet's ghost (14 damage)
             ... on level 3 of the Dungeon.
             The game lasted 00:06:33 (2710 turns).

Infinimo the Conjurer (Deep Elf Conjurer)           Turns: 2710, Time: 00:06:34

Health: -1/28      AC:  4    Str:  5    XL:     5   Next: 94%
Magic:  2/15       EV: 13    Int: 21    God:
Gold:   147        SH:  0    Dex: 15    Spells: 2 memorised, 10 levels left

rFire  . . .     SeeInvis .     f - +0 long sword
rCold  . . .     Gourm    .     a - +0 robe
rNeg   . . .     Faith    .     (no shield)
rPois  .         Spirit   .     m - +1 helmet
rElec  .         Reflect  .     (no cloak)
rCorr  .         Harm     .     (no gloves)
MR     .....                    (no boots)
Stlth  ++........               (no amulet)
                                (no ring)
                                (no ring)

@: no status effects
A: no striking features
a: no special abilities


You were on level 3 of the Dungeon.
You were very hungry.

You visited 1 branch of the dungeon, and saw 4 of its levels.

You collected 147 gold pieces.

Inventory:

Hand Weapons
 f - a +0 long sword (weapon)
Armour
 a - a +0 robe (worn)
 m - a +1 helmet (worn)
Jewellery
 j - an uncursed ring of fire
Scrolls
 k - a scroll of recharging
 o - a scroll of enchant weapon {unknown}
Potions
 d - a potion of agility {unknown}
 e - a potion of heal wounds
 g - a potion of curing
 l - 2 potions of cancellation
 n - a potion of haste {unknown}
 u - a potion of ambrosia {unknown}
Books
 b - a book of Conjurations

   Spells                             Type                      Level
   a - Magic Dart                     Conjuration                  1
   b - Searing Ray                    Conjuration                  2
   c - Dazzling Spray                 Conjuration/Hexes            3
   d - Fulminant Prism                Conjuration/Hexes            4
   e - Iskenderun's Mystic Blast      Conjuration                  4
   f - Iskenderun's Battlesphere      Conjuration/Charms           5
Comestibles
 c - 2 bread rations
 h - 3 beef jerkies
 p - a slice of pizza
 q - a meat ration
 s - 3 fruits


   Skills:
 - Level 2.4 Dodging
 - Level 2.4 Stealth
 - Level 5.5 Spellcasting
 + Level 6.8 Conjurations


You had 10 spell levels left.
You knew the following spells:

 Your Spells              Type           Power        Failure   Level  Hunger
a - Magic Dart            Conj           ####         1%          1    None
b - Iskenderun's Mystic   Conj           ####....     8%          4    ####...


Dungeon Overview and Level Annotations

Branches:
Dungeon (4/15)
 Temple: D:4-7

Altars:

Annotations:
D:3 vogonpoet's ghost, amateur OgBe
D:4 vogonpoet's ghost, novice OgHu


Message History

Vogonpoet's ghost shouts, "I was like you once."
Casting: Iskenderun's Mystic Blast
Confirm with . or Enter, or press ? or * to list all spells.
Aiming: Iskenderun's Mystic Blast
Press: ? - help, Shift-Dir - straight line, f/p - vogonpoet's ghost
Aim: vogonpoet's ghost (heavily damaged)
The orb of energy hits vogonpoet's ghost.
Vogonpoet's ghost is severely damaged.
The orb of energy explodes!
An ooze comes into view.
The ooze is moderately wounded.
Vogonpoet's ghost hits you! Vogonpoet's ghost barely misses you.
The ooze is heavily wounded.
The ooze hits you. Vogonpoet's ghost misses you.
The ooze is heavily wounded.
The ooze hits you. Vogonpoet's ghost barely misses you. The ooze hits you.
The ooze is almost dead.
Vogonpoet's ghost hits you!
Ouch! That really hurt!
You die...

..######....#.###############....
..............................)..
..########.##.......#########.#.#
..###### #...).#############..#.#
.......###.##..# #.......##.#
##.>........##.## ##.########.#
....†...###.##..## #..# #.#
###....##...###.W# #.## #.#
###....#.....###@####.# #.#
..............##.J..#.# #.#
.##...........#####...# #.#
.##...........# ###..# #.#
###...(#.....#####....#########.#
.............###...#......#......
...........†..#..###......#......
######........#.## #......#......
### #..........####......#......


You could see vogonpoet's ghost and an ooze.

Vanquished Creatures
  A howler monkey (D:4)
  Ijyb (D:3)
  2 orc wizards (D:4)
  6 adders
  2 oozes (D:1)
  2 worms (D:2)
  2 dart slugs
  2 leopard geckos
  3 orcs
  9 bats
  4 giant cockroaches
  4 goblins
  5 hobgoblins
  14 jackals
  A quokka (D:2)
  2 frilled lizards (D:2)
  7 kobolds
  6 rats
73 creatures vanquished.

Notes
Turn   | Place    | Note
-------+----------+-------------------------------------------
     0 | D:1      | Infinimo the Deep Elf Conjurer began the quest for the Orb.
     0 | D:1      | Reached XP level 1. HP: 10/10 MP: 6/6
   117 | D:1      | Reached XP level 2. HP: 15/15 MP: 6/8
   157 | D:1      | Reached skill level 5 in Conjurations
   578 | D:1      | Reached XP level 3. HP: 19/19 MP: 4/9
   887 | D:2      | Reached skill level 6 in Conjurations
  1035 | D:2      | Reached XP level 4. HP: 24/24 MP: 7/10
  1575 | D:3      | Noticed vogonpoet's ghost (amateur OgBe)
  1638 | D:3      | Learned a level 4 spell: Iskenderun's Mystic Blast
  2030 | D:3      | Noticed Ijyb
  2041 | D:3      | Killed Ijyb
  2041 | D:3      | Reached XP level 5. HP: 20/28 MP: 0/14
  2289 | D:4      | Reached skill level 5 in Spellcasting
  2456 | D:4      | Noticed vogonpoet's ghost (novice OgHu)
  2710 | D:3      | Slain by vogonpoet's ghost

Vault maps used:
D:1:      grunt_arrival_lava_bath
D:3:      uniq_iyjb
D:4:      okawaru_ov_weapons_minmay

Skill      XL: |  1  2  3  4  5 |
---------------+----------------+-----
Conjurations   | 5 6 |  6.8
Spellcasting   | 4 5 |  5.5
Dodging        | |  2.4
Stealth        | |  2.4

Action                   |  1- 3 |  4- 6 || total
-------------------------+-------+-------++-------
Melee: Long sword        |       |     4 ||     4
 Cast: Magic Dart        |    62 |    94 ||   156
       Iskenderun's Myst |       |     7 ||     7
  Use: Scroll            |     6 |     6 ||    12
  Eat: Chunk             |       |     5 ||     5
Armor: Robe              |     2 |     4 ||     6
Dodge: Dodged            |     2 |    16 ||    18
       Rpst.: Long sword |     1 |     4 ||     5
